 Dungeon Crawl Stone Soup version 0.29-a0-998-g1987434951 (webtiles) character file.

Game seed: 12698855747218830348

37 drpainis the Trooper (level 3, 0/33 HPs)
             Began as a Hill Orc Fighter on Aug 5, 2022.
             Slain by an orc
             ... wielding a +0 short sword
              (2 damage)
             ... on level 3 of the Dungeon.
             The game lasted 00:01:46 (2180 turns).

drpainis the Trooper (Hill Orc Fighter)             Turns: 2180, Time: 00:01:46

Health: 0/33       AC:  8    Str: 20    XL:     3   Next: 41%
Magic:  3/3        EV:  9    Int:  8    God:
Gold:   78         SH:  5    Dex: 16    Spells: 2/2 levels left

rFire   . . .      SeeInvis .   a - +0 war axe
rCold   . . .      Faith    .   c - +0 buckler
rNeg    . . .      Spirit   .   b - +0 scale mail
rPois   .          Reflect  .   (no helmet)
rElec   .          Harm     .   (no cloak)
rCorr   .          Rampage  .   (no gloves)
Will    .....                   p - +0 pair of boots
Stlth   ..........              (no amulet)
HPRegen 0.11/turn               n - +6 ring of dexterity
MPRegen 0.08/turn               (no ring)

@: no status effects
A: no striking features
a: no special abilities


You were on level 3 of the Dungeon.
You visited 1 branch of the dungeon, and saw 3 of its levels.

You collected 78 gold pieces.

Inventory:

Hand Weapons
 a - a +0 war axe (weapon)
 q - a +0 short sword of flaming
Armour
 b - a +0 scale mail (worn)
 c - a +0 buckler (worn)
 p - a +0 pair of boots (worn)
Jewellery
 n - a +6 ring of dexterity (left hand)
 o - a +4 ring of slaying
Scrolls
 f - a scroll of identify {unknown}
 j - a scroll of immolation {unknown}
 k - a scroll of fear {unknown}
 m - a scroll of brand weapon {unknown}
Potions
 d - a potion of might
 e - a potion of heal wounds {unknown}
 g - a potion of brilliance {unknown}
 h - 2 potions of curing {unknown}
 i - a potion of mutation {unknown}
 l - a potion of attraction {unknown}


   Skills:
 + Level 3.8 Fighting
 + Level 3.8 Axes
 + Level 3.7 Armour
 + Level 0.3 Dodging
 + Level 3.5 Shields


You had 2 spell levels left.
You didn't know any spells.
Your spell library contained the following spells:

 Spells                   Type           Power      Damage    Failure   Level
 Portal Projectile        Hex/Tloc       0%         N/A       99%         3
 Tukima's Dance           Hex            0%         N/A       99%         3
 Blade Hands              Tmut           0%         N/A       100%        5


Dungeon Overview and Level Annotations

Branches:
Dungeon (3/15)

Altars:

Annotations:
D:3 Ijyb


Message History

Nothing quivered!
An orc comes into view. It is wielding a +0 hand axe.
Unknown command.
An orc is nearby!
An orc is nearby!
The orc shouts!
You hear a shout! 2 orcs come into view.
Ijyb the Twisted Goblin comes into view.
She is wielding a +0 dagger, wearing a +3 leather armour of cold resistance and carrying a wand of digging (9).
The orc moves out of view.
An orc and an endoplasm come into view.
Ijyb shouts!
The orc shouts!
The endoplasm quivers.
You slash the orc!
You kill the orc!
Ijyb zaps a wand.
You hear a grinding noise.
The endoplasm jiggles.
The orc attacks as you move away! The orc hits you with a +0 short sword.
* * * LOW HITPOINT WARNING * * *
The orc hits you with a +0 hand axe.
* * * LOW HITPOINT WARNING * * *
Unknown command.
The orc attacks as you move away! The orc hits you but does no damage.
You block the orc's attack. The orc attacks as you move away!
The orc hits you but does no damage.
You slash the endoplasm!
You kill the endoplasm!
Ijyb zaps a wand.
Some rock shatters into small pieces.
You barely miss the orc. The orc hits you but does no damage.
You block the orc's attack.
The orc hits you from afar with a +0 trident.
* * * LOW HITPOINT WARNING * * *
The orc barely misses you.
Unknown command.
You hit the orc.
The orc is heavily wounded.
The orc hits you but does no damage.
Ijyb zaps a wand.
Some rock shatters into small pieces.
The orc hits you with a +0 short sword.
You die...

#.#.^......#.##.#.#######
#.#........#.##.#.#
#.#....#####
#.#.######### #.###...
..#..##.....# #.# ##...
#.#)........# #. #...
#.####.........## ....
#...............#
#######......###.
+....@o.....#.#
.......o.og###.)......
..........## #........
.#######.... .........
...............
#..............
##'####........ ..
#........


You could see Ijyb and 3 orcs.

Vanquished Creatures
  An adder (D:2)
  A worm (D:2)
  3 orcs (D:3)
  5 ball pythons
  2 endoplasms
  2 goblins (D:2)
  A hobgoblin (D:2)
  3 quokkas
  2 kobolds
  2 rats (D:2)
22 creatures vanquished.

Notes
Turn   | Place    | Note
-------+----------+-------------------------------------------
     0 | D:1      | drpainis the Hill Orc Fighter began the quest for the Orb.
     0 | D:1      | Reached XP level 1. HP: 19/19 MP: 1/1
    15 | D:1      | Found a faded altar of an unknown god.
   863 | D:1      | Reached XP level 2. HP: 27/27 MP: 2/2
  1824 | D:2      | Reached XP level 3. HP: 31/33 MP: 3/3
  2165 | D:3      | Noticed Ijyb
  2178 | D:3      | HP: 1/33 [orc/+0 trident (3)]
  2180 | D:3      | Slain by an orc

Illustrated notes

Levels and vault maps discovered:
D:1:      nzn_arrival_settlement, layout_basic,
          ebering_ecumenical_altar_sacrificial
D:2:      layout_loops_ring, kennysheep_path_1, kennysheep_cross_bottleneck,
          amethyst_killhole
D:3:      layout_basic, lemuel_crystal_altar, serial_shops,
          nicolae_shop_hallway_plus, nicolae_shop_window_shopping,
          minmay_misc_feat_chi, grunt_ministairs_15, uniq_ijyb

Skill      XL: |  1  2 |
---------------+-------+-----
Axes           | 3 |  3.8
Fighting       | |  3.8
Armour         | |  3.7
Dodging        | |  0.3
Shields        | |  3.5

Action                   || total
-------------------------++-------
Melee: War axe           ||    65
Armor: Scale mail        ||    31
Dodge: Dodged            ||    32
Block: Buckler           ||    15

Table legend: (Time is in decaauts)
 A = Elapsed time spent in this place.
 B = Non-inter-level travel time spent in this place.
 C = Inter-level travel time spent in this place.
 D = Time resting spent in this place.
 E = Time spent auto-exploring this place.
 F = Levels seen in this place.
 G = Mean time per level.
                   A        B        C        D        E       F      G
               +--------+--------+--------+--------+--------+-----+--------+
         Total |   2204 |   2122 |     82 |      0 |   1708 |   3 |  734.7 |
       Dungeon |   2204 |   2122 |     82 |      0 |   1708 |   3 |  734.7 |
               +--------+--------+--------+--------+--------+-----+--------+

Top non-repeatable levels by time:
     D:2: 1135 daAuts
     D:1: 979 daAuts
     D:3: 89 daAuts
